 Dungeon Crawl Stone Soup version 0.22.1-6-g1668fe2c40 (webtiles) character file.

26693 Grohoret the Carver (level 13, -4/101 HPs)
             Began as a Demonspawn Gladiator on Jan 29, 2019.
             Was a High Priest of Okawaru.
             Slain by a centaur warrior
             ... wielding a cursed +0 shortbow
              (10 damage)
             ... on level 14 of the Dungeon on Jan 30, 2019.
             The game lasted 00:52:18 (15228 turns).

Grohoret the Carver (Demonspawn Gladiator)         Turns: 15228, Time: 00:52:19

Health: -4/101     AC:  6    Str: 23    XL:     13   Next: 0%
Magic:  19/21      EV: 25    Int: 20    God:    Okawaru [*****.]
Gold:   736        SH:  0    Dex: 17    Spells: 12/12 levels left

rFire    . . .     SeeInvis .   F - +2 great sword (elec)
rCold    . . .     Gourm    .   (shield currently unavailable)
rNeg     . . .     Faith    +   W - +0 robe of Gozag's Regard {-Cast +Fly MR+ Int+7}
rPois    .         Spirit   .   (helmet restricted)
rElec    .         Reflect  .   q - scarf {repulsion}
rCorr    +         Harm     .   (no gloves)
MR       ++...     Clarity  +   e - +0 pair of boots Stlth ++++......NoCast +
                                C - amulet of faith
HPRegen  0.26/turn              Q - ring of Xom's Envy {rCorr *Contam Int+4 Dex+3 Stlth+}
MPRegen  0.17/turn              M - +2 ring of strength

@: heroism, repel missiles
A: antennae 2, claws 1, icy blue scales 2, clarity, magic resistance 1, spiny 1,
rot immunity, MP-powered wands
a: Heroism, Finesse, Renounce Religion, Evoke Flight


You were on level 14 of the Dungeon.
You worshipped Okawaru.
Okawaru was extremely pleased with you.
You were not hungry.

You visited 2 branches of the dungeon, and saw 15 of its levels.
You also visited: Ossuary.

You collected 946 gold pieces.
You spent 210 gold pieces at shops.

Inventory:

Hand Weapons
 F - a +2 great sword of electrocution (weapon)
Missiles
 d - 3 throwing nets (quivered)
Armour
 e - a +0 pair of boots (worn)
 q - a scarf of repulsion (worn)
 P - the +0 cloak of Relativism {rElec}
   (Okawaru gifted it to you on level 13 of the Dungeon)

   It insulates you from electricity.
 W - the +0 robe of Gozag's Regard (worn) {-Cast +Fly MR+ Int+7}
   (You found it on level 13 of the Dungeon)

   It affects your intelligence (+7).
   It affects your resistance to hostile enchantments.
   It lets you fly.
   It prevents spellcasting.
Jewellery
 A - an uncursed ring of positive energy
 C - an amulet of faith (around neck)
 G - a +4 ring of protection
 M - a +2 ring of strength (right claw)
 Q - the ring of Xom's Envy (left claw) {rCorr *Contam Int+4 Dex+3 Stlth+}
   (You bought it in a shop on level 13 of the Dungeon)

   [ring of resist corrosion]

   It affects your intelligence (+4).
   It affects your dexterity (+3).
   It causes magical contamination when unequipped.
   It makes you more stealthy.
Wands
 j - a wand of disintegration (16)
 w - a wand of polymorph (40)
 x - a wand of random effects (44)
 y - a wand of scattershot (8)
 B - a wand of iceblast (10)
 H - a wand of digging (28)
 J - a wand of flame (11)
 N - a wand of paralysis (15)
Scrolls
 b - a scroll of blinking {unknown}
 g - 2 scrolls of immolation
 h - 4 scrolls of remove curse
 i - 3 scrolls of fog
 k - 6 scrolls of enchant armour
 l - 3 scrolls of fear
 n - a scroll of enchant weapon
 o - 6 scrolls of teleportation
 u - 4 scrolls of magic mapping
 E - 2 scrolls of random uselessness {unknown}
 T - 4 scrolls of holy word {unknown}
 V - a scroll of amnesia {unknown}
Potions
 a - a potion of berserk rage {unknown}
 c - 2 potions of might
 m - 3 potions of flight
 p - 2 potions of lignification {unknown}
 r - a potion of cancellation
 s - a potion of ambrosia
 t - 2 potions of invisibility {unknown}
 v - 2 potions of magic
 z - 5 potions of heal wounds {unknown}
 D - a potion of curing
 L - a potion of mutation
 R - a potion of brilliance {unknown}
 S - a potion of agility {unknown}
Comestibles
 f - 22 rations


   Skills:
 + Level 9.4(14.4) Fighting
 * Level 12.1(17.1) Long Blades
 - Level 1.7(6.7) Throwing
 * Level 12.1(17.1) Dodging
 + Level 11.0 Invocations


You had 12 spell levels left.
You didn't know any spells.
Your spell library contained the following spells:

 Spells                   Type           Power        Failure   Level  Hunger
 Confusing Touch          Hex            #.....       19%         1    ##.....
 Shock                    Conj/Air       #...         19%         1    ##.....
 Swiftness                Chrm/Air       #.......     28%         2    ###....
 Confuse                  Hex            #.......     50%         3    ####...
 Gell's Gravitas          Tloc           #.........   50%         3    ####...
 Static Discharge         Conj/Air       #.......     50%         3    ####...
 Airstrike                Air            #.........   88%         4    #####..
 Petrify                  Tmut/Erth      #.......     88%         4    #####..
 Lightning Bolt           Conj/Air       #.........   99%         5    ######.
 Metabolic Englaciation   Hex/Ice        #.........   99%         5    ######.
 Yara's Violent Unravell  Hex/Tmut       #.........   99%         5    ######.


Dungeon Overview and Level Annotations

Branches:
Dungeon (14/15)            Temple (1/1) D:4            Lair (0/6) D:10
    Orc (0/2) D:11
 Vaults: D:13-14

Altars:
Ashenzari
Cheibriados
Dithmenos
Elyvilon
Fedhas
Gozag
Hepliaklqana
Kikubaaqudgha
Makhleb
Nemelex Xobeh
Okawaru
Qazlal
Ru
Sif Muna
Trog
Uskayaw
Vehumet
Wu Jian
Xom
Yredelemnul
Zin
The Shining One

Shops:
D:8 =   D:13 *

Annotations:
D:11 2 transporters, Adamkad1's ghost, journeyman OgTm


Innate Abilities, Weirdness & Mutations

You have a pair of antennae on your head.
You are mostly covered in icy blue scales. (AC +3)
You are partially covered in sharp spines.
You are immune to rotting.
You have sharp fingernails.
You possess an exceptional clarity of mind.
You are resistant to hostile enchantments. (MR+)
You expend magic power (3 MP) to strengthen your wands.


Message History

* * * LOW HITPOINT WARNING * * *
The cyan ugly thing shocks you!
* * * LOW HITPOINT WARNING * * *
The deep elf mage mumbles some strange words.
You feel better.
The cyan ugly thing completely misses you.
You feel better.
The centaur warrior drinks a potion.
The centaur warrior seems to grow stronger.
The centaur warrior wields a shortbow.
The centaur warrior shoots an arrow.
The arrow closely misses you.
The arrow hits the cyan ugly thing.
The cyan ugly thing is struck by your spines.
The cyan ugly thing completely misses you.
The centaur warrior is struck by your spines.
The centaur warrior hits you with a shortbow!
* * * LOW HITPOINT WARNING * * *
You hit the centaur warrior.
The centaur warrior is lightly wounded.
The earth elemental disappears in a puff of smoke!
The centaur warrior hits you with a shortbow!
You die...

#.#################.#
#...c@uo.§eE........#
##########.##.........
#.##..###§.##
#.##..###..##
#.##..##.....
#.##..##.....
#.##..##..###
#......#..#
#..###.#..#


You could see a cyan ugly thing, a centaur warrior, an earth elemental, a deep
elf mage and an orc.

Vanquished Creatures
  Louise (D:14)
  A centaur warrior (D:13)
  7 two-headed ogres
  A tengu warrior (D:14)
  2 unseen horrors
  3 ugly things
  A deep elf mage (D:14)
  A salamander (shapeshifter) (D:13)
  A manticore (D:11)
  A centaur zombie (D:11)
  Maurice (D:8)
  2 centaur skeletons (D:13)
  3 kobold demonologists
  3 meliai (D:13)
  A troll (shapeshifter) (D:13)
  3 trolls
  5 hippogriffs
  A centaur simulacrum (D:14)
  A water elemental (D:13)
  9 yaks
  A spriggan (D:7)
  3 wyverns
  5 hungry ghosts
  A basilisk (D:14)
  10 vampire mosquitoes
  Menkaure (D:6)
  A water moccasin (D:10)
  3 porcupines (D:10)
  3 ice beasts
  2 necrophages
  4 orc warriors
  2 sky beasts
  2 black bears
  A phantom (D:4)
  5 ogres
  6 centaurs
  A crocodile (D:10)
  7 bullfrogs
  22 big kobolds
  A water moccasin zombie (Ossuary)
  5 scorpions
  A wyvern skeleton (D:9)
  15 killer bees
  8 wights
  A howler monkey (D:7)
  6 crimson imps
  6 hounds
  A bullfrog zombie (D:12)
  2 quasits
  3 orc priests
  4 jellies
  Crazy Yiuf (D:5)
  A bullfrog skeleton (D:9)
  3 iguanas
  Natasha (thrice) (D:2)
  10 worker ants
  8 orc wizards
  4 big kobold zombies (Ossuary)
  2 hound zombies
  A hound skeleton (D:11)
  2 mummies (Ossuary)
  2 worker ant zombies
  3 gnolls (D:5)
  11 adders
  A shadow imp (D:7)
  3 oozes
  7 adder zombies
  An adder skeleton (D:4)
  2 dart slugs (D:1)
  5 leopard geckos
  39 orcs
  7 bats
  7 giant cockroaches
  4 gnoll zombies (Ossuary)
  7 goblins
  6 hobgoblins
  10 jackals
  6 quokkas
  4 ball pythons
  5 frilled lizards
  6 hobgoblin zombies (Ossuary)
  A jackal skeleton (D:6)
  A jackal zombie (D:7)
  19 kobolds
  4 kobold zombies (Ossuary)
  A leopard gecko zombie (D:8)
  4 orc zombies (Ossuary)
  A quokka zombie (D:5)
  4 rats
387 creatures vanquished.

Vanquished Creatures (others)
  A kobold (D:11)
  6 fungi (D:10)
  3 plants (D:10)
10 creatures vanquished.

Grand Total: 397 creatures vanquished

Notes
Turn   | Place    | Note
-------+----------+-------------------------------------------
     0 | D:1      | Grohoret the Demonspawn Gladiator began the quest for the
                  | Orb.
     0 | D:1      | Reached XP level 1. HP: 16/16 MP: 1/1
   171 | D:1      | Gained mutation: You are partially covered in icy blue
                  | scales. (AC +2) [demonic ancestry]
   171 | D:1      | Reached XP level 2. HP: 13/22 MP: 2/2
   705 | D:1      | Reached XP level 3. HP: 28/28 MP: 3/3
  1720 | D:2      | Noticed Natasha
  1733 | D:2      | Killed Natasha
  1733 | D:2      | Gained mutation: You are partially covered in sharp spines.
                  | [demonic ancestry]
  1733 | D:2      | Reached XP level 4. HP: 26/34 MP: 4/4
  1948 | D:2      | Noticed Natasha
  1965 | D:2      | Killed Natasha
  2127 | D:2      | Noticed Natasha
  2132 | D:2      | Killed Natasha
  2227 | D:3      | Reached XP level 5. HP: 40/40 MP: 5/5
  2824 | D:4      | Noticed an ogre
  2831 | D:4      | Killed an ogre
  2831 | D:4      | Reached XP level 6. HP: 35/47 MP: 6/6
  3196 | D:4      | Found a staircase to the Ecumenical Temple.
  3205 | Temple   | Entered the Ecumenical Temple
  3320 | Temple   | Became a worshipper of Warmaster Okawaru
  3517 | D:4      | Reached skill level 5 in Long Blades
  3517 | D:4      | Reached skill level 5 in Dodging
  3517 | D:4      | Reached XP level 7. HP: 39/53 MP: 7/7
  3902 | D:5      | Entered Level 5 of the Dungeon
  3974 | D:5      | Reached skill level 1 in Invocations
  4106 | D:5      | Reached * piety under Okawaru
  4434 | D:5      | Gained mutation: You are resistant to hostile enchantments.
                  | (MR+) [potion of mutation]
  4434 | D:5      | Gained mutation: Your system is resistant to poisons.
                  | (rPois) [potion of mutation]
  4434 | D:5      | Gained mutation: You are weak. (Str -2) [potion of
                  | mutation]
  4434 | D:5      | Gained mutation: You expend magic power (3 MP) to
                  | strengthen your wands. [potion of mutation]
  4435 | D:5      | Lost mutation: You are weak. (Str -2) [potion of mutation]
  4435 | D:5      | Lost mutation: Your system is resistant to poisons. (rPois)
                  | [potion of mutation]
  4435 | D:5      | Gained mutation: You possess an exceptional clarity of
                  | mind. [potion of mutation]
  4435 | D:5      | Gained mutation: You have sharp fingernails. [potion of
                  | mutation]
  4943 | D:5      | Found a runed door.
  4947 | D:5      | Noticed Crazy Yiuf
  4952 | D:5      | Killed Crazy Yiuf
  4993 | D:6      | Gained mutation: You are immune to rotting. [demonic
                  | ancestry]
  4993 | D:6      | Reached XP level 8. HP: 49/60 MP: 8/10
  5029 | D:6      | Noticed Menkaure
  5647 | D:6      | Killed Menkaure
  5647 | D:6      | Reached ** piety under Okawaru
  6486 | D:7      | Found a sand-covered staircase.
  6492 | Ossuary  | Entered an ossuary
  6728 | Ossuary  | Reached skill level 5 in Fighting
  6919 | D:7      | Reached *** piety under Okawaru
  6921 | D:7      | Gained mutation: You are mostly covered in icy blue scales.
                  | (AC +3) [demonic ancestry]
  6921 | D:7      | Reached XP level 9. HP: 38/68 MP: 12/12
  7296 | D:7      | Reached skill level 5 in Invocations
  7622 | D:7      | Found an ancient bone altar of Kikubaaqudgha.
  7787 | D:8      | Noticed Maurice
  7802 | D:8      | Killed Maurice
  7802 | D:8      | Reached **** piety under Okawaru
  7855 | D:8      | Noticed a two-headed ogre
  7866 | D:8      | HP: 2/69 [two-headed ogre/giant club (16)]
  7869 | D:8      | Killed a two-headed ogre
  8561 | D:8      | Found Yzi Luw's Jewellery Shoppe.
  8693 | D:8      | Reached XP level 10. HP: 75/76 MP: 14/14
  9128 | D:9      | Found a glowing golden altar of the Shining One.
  9519 | D:9      | Reached ***** piety under Okawaru
  9568 | D:9      | Found a glowing golden altar of the Shining One.
  9583 | D:9      | Noticed a two-headed ogre
  9591 | D:9      | Killed a two-headed ogre
  9591 | D:9      | Received a gift from Okawaru
 10399 | D:10     | Entered Level 10 of the Dungeon
 10533 | D:10     | Received a gift from Okawaru
 10533 | D:10     | Reached XP level 11. HP: 50/84 MP: 15/17
 10890 | D:10     | Found a staircase to the Lair.
 11094 | D:10     | Reached skill level 10 in Long Blades
 11094 | D:10     | Reached skill level 10 in Dodging
 11140 | D:10     | Noticed a two-headed ogre
 11145 | D:10     | Killed a two-headed ogre
 11190 | D:10     | Killed an unseen horror
 11412 | D:11     | Found a staircase to the Orcish Mines.
 11437 | D:11     | Received a gift from Okawaru
 11947 | D:11     | Noticed a deep elf mage
 11947 | D:11     | Noticed Adamkad1's ghost (journeyman OgTm)
 11948 | D:11     | Found a transporter.
 11960 | D:11     | Noticed a swamp dragon
 11960 | D:11     | a swamp dragon changed into a redback
 11961 | D:11     | Noticed a swamp dragon
 11961 | D:11     | a redback changed into a swamp dragon
 11975 | D:11     | a swamp dragon changed into a wind drake
 11999 | D:11     | Noticed a shock serpent
 11999 | D:11     | a troll changed into a shock serpent
 12000 | D:11     | Found a transporter.
 12000 | D:11     | Noticed a lindwurm
 12000 | D:11     | a shock serpent changed into a lindwurm
 12004 | D:11     | Noticed a deep troll
 12004 | D:11     | a lindwurm changed into a deep troll
 12007 | D:11     | Noticed a shock serpent
 12007 | D:11     | a deep troll changed into a shock serpent
 12012 | D:11     | a shock serpent changed into a snapping turtle
 12016 | D:11     | Noticed a death drake
 12016 | D:11     | a snapping turtle changed into a death drake
 12017 | D:11     | Noticed a fire crab
 12017 | D:11     | a death drake changed into a fire crab
 12023 | D:11     | a fire crab changed into an elephant
 12028 | D:11     | Noticed a deep troll
 12028 | D:11     | an eye of devastation changed into a deep troll
 12029 | D:11     | a deep troll changed into a redback
 12082 | D:12     | Noticed an eight-headed hydra
 12451 | D:12     | Noticed a two-headed ogre
 12467 | D:12     | Killed a two-headed ogre
 12848 | D:12     | Noticed a two-headed ogre
 12859 | D:12     | Killed a two-headed ogre
 12859 | D:12     | Gained mutation: You have a pair of small antennae on your
                  | head. [demonic ancestry]
 12859 | D:12     | Reached XP level 12. HP: 73/94 MP: 16/19
 13046 | D:13     | Got a distressingly furry leather armour
 13053 | D:13     | Reached ****** piety under Okawaru
 13057 | D:13     | Received a gift from Okawaru
 13065 | D:13     | Got a fine cloak {god gift}
 13076 | D:13     | Identified the +0 cloak of Relativism {rElec} (Okawaru
                  | gifted it to you on level 13 of the Dungeon)
 13086 | D:13     | Identified the +1 leather armour of Fauciwk {Int+2} (You
                  | found it on level 13 of the Dungeon)
 13505 | D:13     | Reached skill level 10 in Invocations
 13602 | D:13     | Found Konaesmu's Assorted Antiques.
 13605 | D:13     | Bought a wavering bronze ring for 135 gold pieces
 13605 | D:13     | Bought an inky potion for 24 gold pieces
 13605 | D:13     | Bought a black potion for 24 gold pieces
 13605 | D:13     | Bought a scroll labeled OQOIMI IZAOGA for 27 gold pieces
 13606 | D:13     | Identified the ring of Xom's Envy {rCorr *Contam Int+4
                  | Dex+3 Stlth+} (You bought it in a shop on level 13 of the
                  | Dungeon)
 13757 | D:13     | Noticed a two-headed ogre
 13775 | D:13     | Killed a two-headed ogre
 14104 | D:13     | Noticed a centaur warrior
 14107 | D:13     | Killed a centaur warrior
 14234 | D:13     | Got an ancient robe
 14245 | D:13     | Identified the cursed +0 robe of Gozag's Regard {-Cast +Fly
                  | MR+ Int+7} (You found it on level 13 of the Dungeon)
 14696 | D:14     | Noticed a tengu warrior
 14703 | D:14     | Killed a tengu warrior
 14874 | D:14     | Noticed a two-headed ogre
 14884 | D:14     | Killed a two-headed ogre
 15103 | D:14     | Noticed Louise
 15125 | D:14     | Killed Louise
 15125 | D:14     | Received a gift from Okawaru
 15222 | D:14     | Gained mutation: You have a pair of antennae on your head.
                  | [demonic ancestry]
 15222 | D:14     | Reached XP level 13. HP: 52/101 MP: 18/21
 15224 | D:14     | HP: 5/101 [cyan ugly thing (14)]
 15228 | D:14     | Slain by a centaur warrior

Skill      XL: |  1  2  3  4  5  6  7  8  9 10 11 12 |
---------------+-------------------------------------+-----
Dodging        | 3 4 5 7 8 9 11 12 | 12.1
Long Blades    | 3 4 5 7 8 9 11 12 | 12.1
Fighting       | 3 4 5 6 7 8 9 |  9.4
Invocations    | 2 4 6 8 9 11 | 11.0
Throwing       | |  1.7

Action                   |  1- 3 |  4- 6 |  7- 9 | 10-12 | 13-15 || total
-------------------------+-------+-------+-------+-------+-------++-------
Melee: Long sword        |    95 |    92 |   312 |   155 |       ||   654
       Punch             |       |       |     3 |       |       ||     3
       Great sword       |       |       |       |   303 |     3 ||   306
Invok: Heroism           |       |       |     6 |    11 |       ||    17
       Finesse           |       |       |       |     1 |       ||     1
  Use: Scroll            |     3 |     6 |     7 |     2 |       ||    18
       Potion            |     1 |       |     5 |       |     2 ||     8
 Stab: Sleeping          |       |       |     1 |     3 |       ||     4
  Eat: Ration            |     1 |       |     1 |     6 |       ||     8
       Chunk             |       |     4 |    14 |    11 |       ||    29
Armor: Leather armour    |    36 |    19 |    96 |   145 |       ||   296
       Robe              |       |       |       |     6 |       ||     6
Dodge: Dodged            |    65 |    63 |   258 |   444 |     3 ||   833
       Rpst.: Long sword |    24 |    24 |    71 |    41 |       ||   160
       Great sword       |       |       |       |    56 |       ||    56
